 Dungeon Crawl Stone Soup version 0.30.0-29-ga12c61a403 (webtiles) character file.

Game seed: 8419575616126320195

67 loir the Magician (level 4, -1/33 HPs)
             Began as a Djinni Conjurer on June 3, 2023.
             Slain by Natasha (5 damage)
             ... on level 2 of the Dungeon.
             The game lasted 00:04:26 (869 turns).

loir the Magician (Djinni Conjurer)                  Turns: 869, Time: 00:04:27

Health: -1/33      AC:  4    Str:  6    XL:     4   Next: 40%
Gold:   36         EV: 12    Int: 22    God:
                   SH:  0    Dex: 11

rFire   + + .        e - +1 dagger (chaos)
rCold   . . .        (no shield)
rNeg    . . .        a - +0 robe
rPois   ∞            (no helmet)
rElec   .            c - +1 cloak
rCorr   .            (no gloves)
SInv    .            (boots unavailable)
Will    .....        (no amulet)
Stlth   ++           b - ring of protection from cold
HPRegen 0.25/turn    (no ring)
MPRegen 0.00/turn

%: infuse magic (-2 HP)
@: flying, very slightly contaminated
A: sickness immunity, fire resistance 2, cold vulnerability 1, float, innate
caster, HP casting, extra vitality 1
a: no special abilities


You were on level 2 of the Dungeon.
You visited 1 branch of the dungeon, and saw 2 of its levels.

You collected 36 gold pieces.

Inventory:

Hand Weapons
 e - a +1 dagger of chaos (weapon)
Armour
 a - a +0 robe (worn)
 c - a +1 cloak (worn)
Jewellery
 b - a ring of protection from cold (left hand)
Potions
 f - a potion of invisibility


   Skills:
 * Level 2.1 Fighting
 + Level 2.8 Dodging
 - Level 1.5 Stealth
 * Level 3.7 Spellcasting


You knew the following spells:

 Your Spells              Type           Power      Damage    Failure   Level
a - Magic Dart            Conj           80%        1d7       2%          1
b - Searing Ray           Conj           40%        2d5       3%          2
c - Dazzling Flash        Conj/Hex       40%        N/A       8%          3
d - Fulminant Prism       Conj/Hex       10%        3d9       24%         4
e - Iskenderun's Mystic   Conj/Tloc      20%        2d6       24%         4
f - Necrotise             Necr           80%        1d8       2%          1
Your spell library was empty.

Dungeon Overview and Level Annotations

Branches:
Dungeon (2/15)

Altars:

Annotations:
D:2 Natasha


Innate Abilities, Weirdness & Mutations

You are immune to sickness and miasma.
You are immune to poison.
Your flesh is very heat resistant. (rF++)
You are vulnerable to cold. (rC-)
You float through the air rather than walking.
You learn spells naturally, not from books.
Your magical power is your life essence.
You have superior vitality. (+4 MHP)


Message History

Press: ? - help, Q - select action, (/) - cycle Shift-Dir - straight line, f/p - Terence
Aim: Terence, wielding a +0 mace and wearing a +2 chain mail of positive energy (severely wounded, 100% to hit)
The magic dart hits Terence but does no damage.
Terence is severely wounded.
Natasha misses you. Terence hits you with a +0 mace.
Aiming: Magic Dart (safe; 2% risk of failure)
Press: ? - help, Q - select action, (/) - cycle Shift-Dir - straight line, f/p - Terence
Aim: Terence, wielding a +0 mace and wearing a +2 chain mail of positive energy (severely wounded, 100% to hit)
The magic dart hits Terence but does no damage.
Terence is severely wounded.
Natasha barely misses you. Terence hits you with a +0 mace.
Aiming: Magic Dart (safe; 2% risk of failure)
Press: ? - help, Q - select action, (/) - cycle Shift-Dir - straight line, f/p - Terence
Aim: Terence, wielding a +0 mace and wearing a +2 chain mail of positive energy (severely wounded, 100% to hit)
The magic dart hits Terence.
Terence is severely wounded.
Natasha claws you. Terence hits you with a +0 mace.
* * * LOW HITPOINT WARNING * * *
Casting: Magic Dart (safe; 2% risk of failure)
Confirm with . or Enter, or press ? or * to list all spells.
Aiming: Searing Ray (safe; 4% risk of failure)
Press: ? - help, Shift-Dir - straight line, f/p - Terence
Aim: Terence, wielding a +0 mace and wearing a +2 chain mail of positive energy (severely wounded, 84% to hit)
The searing ray hits Terence!
You kill Terence! (Press . to maintain the ray.)
* * * LOW HITPOINT WARNING * * *
Natasha closely misses you.
Your Fighting skill increases to level 2!
You have reached level 4!
You feel clever.
You hit Natasha but do no damage. Lightning courses through Natasha!
Natasha is severely wounded.
Natasha howls an incantation.
Natasha glows brightly for a moment.
Natasha barely misses you.
You miss Natasha.
Natasha is severely wounded.
Natasha claws you.
You die...

,*
****,#*,***#.#.#######....##'#
,* *,,,,.h,,,*#.#.# #<.⌠..##.#
,* *,***...,,*#.#.# ##...##...
,* *,* *....,*#.#.# *######.⌠.
,* *,* *..)..##.#.#### *,*
#... ,* *,***.............#
*,* ##<#
,***,*,,.....##.####.# *,* ###
,**,,,,*##..**#h####.###,*
,,,,,,,* #.** #.@.......,*
,**,,,,**#,* ###)......**
,***,*,,,,,* *.##.##.* ,*
*,*****,******.#*,#*,** ,***,*
*,,,,,,,..,,,,,,* ,,,*,*
*,******..*,**,,* **,*,* *,*
**...,**,,* *,*,* **,**
**,...,,,,,*
**,*,****,,,***,,,,,<,**,*


You could see Natasha.

Vanquished Creatures
  Terence (D:2)
  An adder (D:2)
  A dart slug (D:1)
  5 endoplasms (D:1)
  2 giant cockroaches (D:1)
  6 hobgoblins
  A kobold (D:2)
  A quokka (D:1)
  2 ball pythons (D:1)
  A bat (D:1)
  2 frilled lizards
  3 goblins
  3 rats (D:1)
29 creatures vanquished.

Notes
Turn   | Place    | Note
-------+----------+-------------------------------------------
     0 | D:1      | loir the Djinni Conjurer began the quest for the Orb.
     0 | D:1      | loir set off with the following spells memorised: Magic
                  | Dart, Searing Ray, Dazzling Flash, Fulminant Prism,
                  | Iskenderun's Mystic Blast.
     0 | D:1      | Reached XP level 1. HP: 15/15 MP: 0/0
   134 | D:1      | Reached XP level 2. HP: 21/22 MP: 0/0
   171 | D:1      | Reached skill level 1 in Fighting
   328 | D:1      | Reached XP level 3. HP: 24/27 MP: 0/0
   328 | D:1      | Learned a level 1 spell: Necrotise
   847 | D:2      | Noticed Natasha
   858 | D:2      | Noticed Terence
   867 | D:2      | Killed Terence
   868 | D:2      | Reached XP level 4. HP: 4/33 MP: 0/0
   869 | D:2      | Slain by Natasha

Illustrated notes

Levels and vault maps discovered:
D:1:      shiori_shiawase, layout_loops_cross
D:2:      layout_loops_ring, serial_shops, nicolae_shop_overgrown_old_shop,
          ebering_ecumenical_altar_abandoned, grunt_ministairs_4, uniq_natasha,
          uniq_sigmund, uniq_terence

Skill      XL: |  1  2  3 |
---------------+----------+-----
Fighting       | 1 2 |  2.1
Dodging        | |  2.8
Stealth        | |  1.5
Spellcasting   | |  3.7

Action                     |  1- 3 |  4- 6 || total
---------------------------+-------+-------++-------
  Melee: Dagger            |       |     2 ||     2
   Cast: Magic Dart        |    72 |       ||    72
         Searing Ray       |     1 |       ||     1
    Use: Scroll            |     6 |       ||     6
 Armour: Robe              |     1 |       ||     1
  Dodge: Dodged            |     8 |     1 ||     9
